[Event "Olimpiade 2024 - Donne"]
[Site "Budapest"]
[Date "22.09.2024"]
[Round "11.35"]
[White "Likando, Namakau"]
[Black "Steil-Antoni, Fiona"]
[Result "0-1"]
[WhiteElo "1746"]
[BlackElo "2085"]
[ECO "B12"]
[Opening "Caro-Kann defence"]
[TimeControl "40/5400+30:1800"]
[EventDate "2024.09.11"]
[Board "2"]
[WhiteFideId "8714029"]
[BlackFideId "4001249"]
[WhiteTeam "Zambia"]
[BlackTeam "Luxembourg"]

1. e4 c6 2. d4 g6 3. Nf3 Bg7 4. Bc4 d5 5. exd5 cxd5 6. Bb5+ Bd7 7. Bxd7+
Nxd7 8. c3 e6 9. Bg5 Qc7 10. O-O Ngf6 11. Nbd2 O-O 12. Re1 b5 13. Qb3 Rfb8
14. a3 a5 15. Rac1 Qa7 16. Bf4 Rb7 17. Qc2 Nb6 18. Ne5 Nc4 19. Ndxc4 bxc4
20. Rb1 Rb3 21. h3 Qb7 22. Nf3 Ne4 23. Nd2 Nxd2 24. Bxd2 Ra6 25. Bc1 Rab6
26. Ra1 Bf8 27. Qe2 Bd6 28. Qf3 a4 29. Qg4 Rxb2 30. Bxb2 Rxb2 31. Qd1 Rb3
32. Qc2 Bxa3 33. Ra2 Qb5 34. Re3 Rb2 35. Rxb2 Bxb2 36. Qe2 a3 37. Rxe6 fxe6
38. Qxe6+ Kf8 39. Qf6+ Ke8 40. Qh8+ Kd7 41. Qxh7+ Kc8 42. Qg8+ Kb7 43. Qf7+
Ka6 44. Qf8 Bxc3 45. Qxa3+ Ba5 46. Qd6+ Bb6 47. Qxg6 c3 48. Qg8 Qc6 49. Qf8
c2 50. Qa3+ Ba5 51. Qd3+ Ka7 52. g3 c1=Q+ 53. Kg2 Q6c2 0-1

[Event "Olimpiade 2024 - Donne"]
[Site "Budapest"]
[Date "22.09.2024"]
[Round "11.35"]
[White "Kremer, Nadine"]
[Black "Mbatha, Constance"]
[Result "1/2-1/2"]
[WhiteElo "1898"]
[BlackElo "1799"]
[ECO "C25"]
[Opening "Vienna game"]
[TimeControl "40/5400+30:1800"]
[EventDate "2024.09.11"]
[Board "3"]
[WhiteFideId "4002970"]
[BlackFideId "8700591"]
[WhiteTeam "Luxembourg"]
[BlackTeam "Zambia"]

1. e4 e5 2. Nc3 Bc5 3. f4 d6 4. Nf3 Bg4 5. Bc4 Nc6 6. Bb5 Ne7 7. Na4 Bb6 8.
h3 Bxf3 9. Qxf3 O-O 10. c3 f5 11. Nxb6 axb6 12. O-O fxe4 13. Qxe4 d5 14.
Qe2 e4 15. d3 Nf5 16. Re1 Re8 17. Qf2 Qf6 18. Be3 Qg6 19. Rad1 Nd6 20. a4
Rf8 21. dxe4 Nxe4 22. Qe2 Ne7 23. Qg4 Qxg4 24. hxg4 c6 25. Bd3 Rxa4 26. Bc2
Ra2 27. Bxe4 dxe4 28. Rd7 Nd5 29. Bd4 Rf7 30. Rd8+ Rf8 31. Rd7 Rf7 32. Rd8+
1/2-1/2

[Event "Olimpiade 2024 - Donne"]
[Site "Budapest"]
[Date "22.09.2024"]
[Round "11.35"]
[White "Mwale, Naomi"]
[Black "Lyon, Hannah Jane"]
[Result "0-1"]
[WhiteElo "1767"]
[BlackElo "1797"]
[ECO "B13"]
[Opening "Caro-Kann"]
[Variation "exchange variation"]
[TimeControl "40/5400+30:1800"]
[EventDate "2024.09.11"]
[Board "4"]
[WhiteFideId "8703299"]
[BlackFideId "389105000"]
[WhiteTeam "Zambia"]
[BlackTeam "Luxembourg"]

1. e4 c6 2. d4 d5 3. exd5 cxd5 4. Bd3 Nc6 5. c3 Nf6 6. h3 h6 7. Nf3 e6 8.
O-O Bd6 9. Re1 O-O 10. Ne5 Bd7 11. f4 Bc7 12. Qc2 Rc8 13. Qd1 Nxe5 14. fxe5
Ne8 15. Qg4 f5 16. Qg6 Qh4 17. Rf1 Nf6 18. Bxh6 Qxh6 19. Qxh6 gxh6 20. exf6
Rxf6 21. Nd2 Rg6 22. Nf3 Rg3 23. Rad1 Kh7 24. Rf2 Rcg8 25. Kf1 Kg7 26. Re2
Kf6 27. Rdd2 Bf4 28. Rd1 Ke7 29. b3 Kd6 30. c4 b6 31. a3 dxc4 32. bxc4 Bc8
33. Rde1 R3g6 34. Rc2 Bb7 35. c5+ bxc5 36. dxc5+ Kc7 37. Nh4 Rf6 38. c6 Bc8
39. Nf3 Rd8 40. Bc4 Rd6 41. Bb3 Bg3 42. Rec1 e5 43. Ba4 Ba6+ 44. Kg1 e4 45.
Ne1 Rd4 46. Bb3 Bf4 47. Rb1 Rxc6 48. Rxc6+ Kxc6 49. Nc2 Rd2 50. Nb4+ Kb5
51. Nxa6 Kxa6 52. Bc4+ Ka5 53. Rb5+ Ka4 54. Rxf5 Be3+ 55. Kf1 Bb6 56. Be2
Ra2 57. Bc4 Rc2 58. Bd5 e3 59. Bf3 e2+ 60. Ke1 Ba5+ 61. Rxa5+ Kxa5 62. Bxe2
Ra2 63. g4 Rxa3 64. h4 Rh3 65. h5 Re3 66. Kf2 Re5 67. Kf3 Kb4 68. Ba6 Ka5
69. Bc8 Rg5 70. Ke3 Kb6 71. Kd4 a5 72. Bd7 Kc7 73. Bf5 Kd6 74. Bc8 a4 75.
Kc3 a3 76. Kb3 Ra5 77. Ka2 Ke5 78. Bf5 Kf4 79. Be6 Kg5 80. Bd7 Kh4 81. Be6
Ra4 82. Bd7 Rxg4 83. Kxa3 Rg3+ 84. Kb2 Kxh5 85. Kc2 Re3 86. Kd2 Re7 87. Bh3
Kg5 88. Bf1 h5 89. Be2 h4 90. Ke1 Rf7 91. Bf1 Kg4 92. Bc4 Rf4 93. Be6+ Kg3
94. Bd5 Kh2 95. Ke2 h3 96. Ke3 Rf8 97. Bf3 Rxf3+ 98. Kxf3 Kg1 0-1

[Event "Olimpiade 2024 - Donne"]
[Site "Budapest"]
[Date "22.09.2024"]
[Round "11.36"]
[White "February, Jesse Nikki"]
[Black "Arakhamia-Grant, Ketevan"]
[Result "1/2-1/2"]
[WhiteElo "2013"]
[BlackElo "2263"]
[ECO "B20"]
[Opening "Sicilian defence"]
[TimeControl "40/5400+30:1800"]
[EventDate "2024.09.11"]
[Board "1"]
[WhiteFideId "14312336"]
[BlackFideId "13600168"]
[WhiteTeam "South Africa"]
[BlackTeam "Scotland"]

1. e4 c5 2. Be2 Nc6 3. d3 g6 4. f4 Bg7 5. Nf3 d6 6. c3 Nf6 7. Nbd2 O-O 8.
O-O b5 9. Qe1 e5 10. fxe5 dxe5 11. Nb3 b4 12. Bg5 h6 13. Bxf6 Bxf6 14. Nxc5
Qb6 15. Qf2 Be7 16. Nb3 Be6 17. Qxb6 axb6 18. d4 exd4 19. cxd4 Bxb3 20.
axb3 Nxd4 21. Nxd4 Bc5 22. Rad1 Rad8 23. Bc4 Rxd4 24. Rxd4 Bxd4+ 25. Kh1
Bxb2 26. g3 Kg7 27. Rd1 Be5 28. Rd5 Kf6 29. Rb5 Bd4 30. Rxb4 Ke5 31. Bd3
Bc5 32. Rc4 Rd8 33. Bc2 Rd2 34. Rc3 h5 35. Rc4 g5 36. b4 Bd6 37. Ba4 Rb2
38. Be8 h4 39. b5 Bc5 40. Rc1 f6 41. Bc6 h3 42. Rf1 Bd4 43. Re1 Bc3 44. Rc1
Kd4 45. Bd7 Bd2 46. Rf1 Kxe4 47. Bxh3 Rxb5 48. Rxf6 Be3 49. Bf1 Rb2 50.
Re6+ Kd4 51. Rd6+ Ke5 52. Rd1 b5 53. h4 gxh4 54. gxh4 Bf4 55. Bg2 b4 56.
Kg1 Rc2 57. Rd5+ Ke6 1/2-1/2

[Event "Olimpiade 2024 - Donne"]
[Site "Budapest"]
[Date "22.09.2024"]
[Round "11.36"]
[White "Roy, Ali"]
[Black "Klaasen, Robyn Julian"]
[Result "1/2-1/2"]
[WhiteElo "1961"]
[BlackElo "1764"]
[ECO "A04"]
[Opening "Reti opening"]
[TimeControl "40/5400+30:1800"]
[EventDate "2024.09.11"]
[Board "2"]
[WhiteFideId "2400456"]
[BlackFideId "14305020"]
[WhiteTeam "Scotland"]
[BlackTeam "South Africa"]

1. Nf3 c5 2. g3 Nc6 3. Bg2 g6 4. O-O Bg7 5. d3 d6 6. e4 Nf6 7. a4 O-O 8.
Nbd2 Rb8 9. Nc4 h6 10. Qe2 e5 11. c3 Re8 12. Nfd2 Bg4 13. f3 Be6 14. f4
exf4 15. gxf4 Nh7 16. Ne3 Ne7 17. Nf3 Qd7 18. d4 Bh3 19. Nc4 Bxg2 20. Qxg2
cxd4 21. Nxd4 Rbc8 22. Ne3 Nc6 23. Nxc6 Qxc6 24. Nd5 Nf6 25. Nxf6+ Bxf6 26.
e5 Qb6+ 27. Qf2 Qxf2+ 28. Rxf2 dxe5 29. fxe5 Bxe5 30. Bxh6 Rcd8 31. Bg5 Rd6
32. Raf1 Rd7 33. Rf3 Bg7 34. Kg2 Re2+ 35. R1f2 Rxf2+ 36. Kxf2 Rd5 37. h4
Be5 38. Ke2 Kg7 39. b4 f6 40. Bf4 Bxf4 41. Rxf4 g5 42. Rc4 gxh4 43. Rxh4 a6
44. a5 Kg6 45. Rc4 f5 46. Rc7 Rb5 47. Kf3 Kf6 48. Kf4 Ke6 49. Rc4 Kd5 50.
Rd4+ Ke6 51. Rc4 Kd5 52. Rd4+ 1/2-1/2

[Event "Olimpiade 2024 - Donne"]
[Site "Budapest"]
[Date "22.09.2024"]
[Round "11.36"]
[White "Nel, Hayley"]
[Black "Cooke, Suzie G."]
[Result "1-0"]
[WhiteElo "1753"]
[BlackElo "1941"]
[ECO "A34"]
[Opening "English"]
[Variation "symmetrical variation"]
[TimeControl "40/5400+30:1800"]
[EventDate "2024.09.11"]
[Board "3"]
[WhiteFideId "14338688"]
[BlackFideId "414930"]
[WhiteTeam "South Africa"]
[BlackTeam "Scotland"]

1. c4 Nf6 2. Nc3 c5 3. g3 e6 4. e4 Nc6 5. Bg2 d6 6. Nge2 Be7 7. O-O Nd4 8.
Nxd4 cxd4 9. Ne2 e5 10. d3 O-O 11. Bd2 a5 12. b3 Bd7 13. f4 b5 14. a4 b4
15. f5 Bc6 16. Kh1 Nd7 17. Ra2 Nc5 18. Nc1 Bg5 19. Qh5 Bf6 20. g4 g6 21.
Qh3 Bg5 22. Bxg5 Qxg5 23. Raf2 Bd7 24. Qg3 f6 25. h4 Qh6 26. g5 fxg5 27.
Qxg5 Qxg5 28. hxg5 Kg7 29. Bh3 Rad8 30. f6+ Kf7 31. Bxd7 Rxd7 32. Rh2 Rh8
33. Rh6 Ne6 34. Rg1 Nf4 35. Rg4 Rc7 36. Kg1 Kf8 37. Kf2 Ne6 38. Kf3 Nd8 39.
Rg2 Nf7 40. Rh1 Nd8 41. Rh6 Nf7 42. Rh1 Nd8 43. Ke2 Ne6 44. Kd2 Nf4 45. Rg4
h5 46. Rxf4 exf4 47. Ne2 Kf7 48. Nxd4 Rc5 49. Nf3 h4 50. d4 Rcc8 51. Rh3
Rce8 52. Kd3 Rh5 53. e5 dxe5 54. dxe5 Rd8+ 55. Ke4 Rd1 56. c5 Ke6 57. Nd4+
Rxd4+ 58. Kxd4 Kf5 59. f7 Rh8 60. Rxh4 Rf8 61. Rxf4+ Kxf4 62. e6 Kxg5 63.
e7 Rxf7 64. e8=Q Rf4+ 65. Kd3 Rf3+ 66. Kc4 Rc3+ 67. Kb5 Rxb3 68. c6 Rc3 69.
Qe5+ Kh4 70. Qxc3 1-0

[Event "Olimpiade 2024 - Donne"]
[Site "Budapest"]
[Date "22.09.2024"]
[Round "11.36"]
[White "Bhatia, Kanishka"]
[Black "Strong, Davida"]
[Result "1-0"]
[WhiteElo "1908"]
[BlackElo "1733"]
[ECO "D53"]
[Opening "QGD"]
[Variation "4.Bg5 Be7"]
[TimeControl "40/5400+30:1800"]
[EventDate "2024.09.11"]
[Board "4"]
[WhiteFideId "2410095"]
[BlackFideId "14333082"]
[WhiteTeam "Scotland"]
[BlackTeam "South Africa"]

1. d4 d5 2. c4 e6 3. Nc3 Nf6 4. Bg5 Be7 5. e3 h6 6. Bxf6 Bxf6 7. Nf3 O-O 8.
Qc2 c6 9. h4 h5 10. Bd3 Qe7 11. O-O-O Nd7 12. e4 dxe4 13. Nxe4 Rd8 14. Neg5
Nf8 15. Rhe1 Qc7 16. Kb1 Kh8 17. Qe2 g6 18. Ne5 Bxg5 19. hxg5 Rxd4 20. g4
hxg4 21. Qe3 c5 22. Qg3 Kg8 23. Qh4 b6 24. Nxg4 Nh7 25. Rh1 Bb7 26. Qxh7+
Kf8 27. Qh8+ Ke7 28. Qf6+ 1-0

[Event "Olimpiade 2024 - Donne"]
[Site "Budapest"]
[Date "22.09.2024"]
[Round "11.37"]
[White "Granados Ortiz, Maria Jose"]
[Black "Kanyamarala, Trisha"]
[Result "0-1"]
[WhiteElo "1935"]
[BlackElo "2179"]
[ECO "B56"]
[Opening "Sicilian"]
[TimeControl "40/5400+30:1800"]
[EventDate "2024.09.11"]
[Board "1"]
[WhiteFideId "6103812"]
[BlackFideId "45004722"]
[WhiteTeam "Nicaragua"]
[BlackTeam "Ireland"]

1. e4 c5 2. Nf3 d6 3. d4 cxd4 4. Nxd4 Nf6 5. Nc3 Nc6 6. Bb5 Bd7 7. Be3 a6
8. Be2 e6 9. Qd2 b5 10. f3 Be7 11. O-O O-O 12. Nxc6 Bxc6 13. a3 Qc7 14.
Rad1 Rfd8 15. Bf2 d5 16. exd5 Nxd5 17. Nxd5 Bxd5 18. Bg3 Qc5+ 19. Bf2 Qc6
20. Bd3 Bf6 21. Qb4 Rdb8 22. Bg3 Rb7 23. b3 a5 24. Qd6 Qc3 25. Rfe1 Be7 26.
Qf4 a4 27. bxa4 Rxa4 28. Qe5 Qxe5 29. Rxe5 f6 30. Ree1 Bxa3 31. Rb1 Bc5+
32. Kf1 b4 33. Ke2 Ra2 34. Ra1 b3 35. Kf1 Rxa1 36. Rxa1 b2 0-1

[Event "Olimpiade 2024 - Donne"]
[Site "Budapest"]
[Date "22.09.2024"]
[Round "11.37"]
[White "Mirza, Diana"]
[Black "Martinez Orozco, Cristiana Yorlene"]
[Result "1-0"]
[WhiteElo "1962"]
[BlackElo "1761"]
[ECO "B13"]
[Opening "Caro-Kann"]
[Variation "exchange, Rubinstein variation"]
[TimeControl "40/5400+30:1800"]
[EventDate "2024.09.11"]
[Board "2"]
[WhiteFideId "2503999"]
[BlackFideId "6107079"]
[WhiteTeam "Ireland"]
[BlackTeam "Nicaragua"]

1. e4 c6 2. d4 d5 3. exd5 cxd5 4. Bd3 Nc6 5. c3 Nf6 6. Bf4 Bg4 7. Qb3 Qc8
8. Nd2 e6 9. Ngf3 Be7 10. O-O Bxf3 11. Nxf3 O-O 12. Rfe1 a6 13. Rac1 b5 14.
Ne5 Qb7 15. Qd1 Rfc8 16. Re3 Na5 17. Rh3 g6 18. Qf3 Rf8 19. Bh6 Rfe8 20.
Bg5 Kg7 21. Nxf7 Nh5 22. Bh6+ Kg8 23. Ne5 Bf8 24. Bg5 Qg7 25. g4 h6 26.
Bxg6 Re7 27. Bxe7 Bxe7 28. Bf7+ Kh8 29. Bxh5 Bg5 30. Nf7+ Kg8 31. Nxg5 Qxg5
32. Qf7+ Kh8 33. Bg6 Qxc1+ 34. Kg2 1-0

[Event "Olimpiade 2024 - Donne"]
[Site "Budapest"]
[Date "22.09.2024"]
[Round "11.37"]
[White "Cabezas Calero, Abigail Carolina"]
[Black "Gora, Antonina"]
[Result "1/2-1/2"]
[WhiteElo "1824"]
[BlackElo "1943"]
[ECO "B22"]
[Opening "Sicilian"]
[Variation "Alapin's variation (2.c3)"]
[TimeControl "40/5400+30:1800"]
[EventDate "2024.09.11"]
[Board "3"]
[WhiteFideId "6105971"]
[BlackFideId "1148290"]
[WhiteTeam "Nicaragua"]
[BlackTeam "Ireland"]

1. e4 c5 2. c3 d5 3. exd5 Qxd5 4. d4 g6 5. dxc5 Qxc5 6. Be3 Qa5 7. Nf3 Bg7
8. Nbd2 Nf6 9. Bc4 O-O 10. O-O Nc6 11. Re1 Ng4 12. Bf4 Qb6 13. Re2 Nh6 14.
Bb3 Bg4 15. Qe1 a5 16. Be3 Qc7 17. h3 Bxf3 18. Nxf3 Nf5 19. Bc5 a4 20. Bd5
Rfe8 21. g4 Nd6 22. Rd1 Rad8 23. Ng5 e6 24. Bxe6 fxe6 25. Rxe6 Ne5 26. Bxd6
Qc8 27. Bxe5 Rxd1 28. Qxd1 Rxe6 29. Qd5 Qc6 30. Qxe6+ Qxe6 31. Nxe6 Bxe5
32. Nc5 b5 33. Nd3 Bf6 34. a3 Kf7 35. f4 Ke6 36. Kf2 Kd5 37. Ke3 Bg7 38.
Nc1 Bf6 39. g5 Bg7 40. Kd3 Bf8 41. Ne2 Bd6 42. Nd4 Bxf4 43. Nxb5 Bc1 44.
c4+ Kc6 45. Nd4+ Kd7 46. Kc3 Bxg5 47. Kb4 Bf6 48. Nf3 Bxb2 49. Kxa4 Kc6 50.
Kb4 Bf6 51. c5 g5 52. Kc4 h5 53. a4 g4 54. hxg4 hxg4 55. Ne1 g3 1/2-1/2

[Event "Olimpiade 2024 - Donne"]
[Site "Budapest"]
[Date "22.09.2024"]
[Round "11.37"]
[White "Putar, Lara"]
[Black "Munoz Cortez, Anahi Alexandra"]
[Result "1-0"]
[WhiteElo "1911"]
[BlackElo "1868"]
[ECO "D30"]
[Opening "Queen's gambit declined"]
[TimeControl "40/5400+30:1800"]
[EventDate "2024.09.11"]
[Board "4"]
[WhiteFideId "14546604"]
[BlackFideId "6109527"]
[WhiteTeam "Ireland"]
[BlackTeam "Nicaragua"]

1. d4 d5 2. c4 e6 3. Nf3 Nf6 4. e3 Be7 5. Nc3 O-O 6. Bd3 a6 7. cxd5 exd5 8.
h3 c6 9. O-O b5 10. Qc2 h6 11. a3 Bb7 12. e4 dxe4 13. Nxe4 Nxe4 14. Bxe4
Qb6 15. Re1 Bf6 16. Be3 Qd8 17. Rac1 Qd6 18. Qd2 Rd8 19. Bb1 Nd7 20. Bf4
Qf8 21. Qc2 g6 22. Ba2 Qg7 23. Ne5 Bxe5 24. dxe5 g5 25. Bg3 Nb6 26. e6 Nd5
27. e7 Re8 28. Bxd5 cxd5 29. Qc7 Bc8 30. Be5 Qg6 31. Rc6 Be6 32. Rd6 Qd3
33. Rd8 Qc4 34. Rxa8 1-0

[Event "Olimpiade 2024 - Donne"]
[Site "Budapest"]
[Date "22.09.2024"]
[Round "11.38"]
[White "Verbin, Valentina"]
[Black "Samaganova, Aleksandra"]
[Result "1-0"]
[WhiteElo "2071"]
[BlackElo "1948"]
[ECO "E06"]
[Opening "Catalan"]
[Variation "closed, 5.Nf3"]
[TimeControl "40/5400+30:1800"]
[EventDate "2024.09.11"]
[Board "1"]
[WhiteFideId "13905910"]
[BlackFideId "13800221"]
[WhiteTeam "Moldova"]
[BlackTeam "Kyrgyzstan"]

1. d4 Nf6 2. c4 e6 3. g3 d5 4. Nf3 Be7 5. Bg2 O-O 6. O-O b6 7. cxd5 exd5 8.
Qc2 Bb7 9. Ne5 Bd6 10. Nc3 c5 11. Nc4 Nc6 12. Nxd6 Qxd6 13. dxc5 Qxc5 14.
Qd1 d4 15. Ne4 Nxe4 16. Bxe4 Rfe8 17. Bf3 Na5 18. Bxb7 Nxb7 19. Bf4 Qd5 20.
e3 d3 21. Qb3 Qf5 22. Rad1 Rad8 23. Qa3 Na5 24. f3 Nc4 25. e4 Qb5 26. Qb3
Qc5+ 27. Kg2 Qd4 28. Rf2 h6 29. h4 Rd7 30. Bd2 Red8 31. Kg1 a5 32. Bc3 Qc5
33. Bd2 Ne5 34. Kg2 Nc4 35. Qc3 b5 36. Rc1 Qd6 37. b3 Nxd2 38. Rxd2 Qb6 39.
Qc5 Qb7 40. Qc6 Qb8 41. Rc5 b4 42. Rb5 Qc7 43. Qxc7 Rxc7 44. Kf2 Ra8 45.
Ke3 Rc1 46. Rxd3 Ra1 47. Rd2 g6 48. g4 Kg7 49. h5 g5 50. Rc2 Ra7 51. Rb8
Re1+ 52. Kf2 Rh1 53. Rcc8 Kf6 54. Re8 Rh2+ 55. Kg3 Re2 56. Rb5 a4 57. e5+
Kg7 58. Rbb8 f5 59. exf6+ 1-0

[Event "Olimpiade 2024 - Donne"]
[Site "Budapest"]
[Date "22.09.2024"]
[Round "11.38"]
[White "Zhanybekova, Begimay"]
[Black "Mihailova, Alina"]
[Result "1-0"]
[WhiteElo "1784"]
[BlackElo "1969"]
[ECO "B01"]
[Opening "Scandinavian defence"]
[TimeControl "40/5400+30:1800"]
[EventDate "2024.09.11"]
[Board "2"]
[WhiteFideId "13819356"]
[BlackFideId "13907018"]
[WhiteTeam "Kyrgyzstan"]
[BlackTeam "Moldova"]

1. e4 d5 2. exd5 Nf6 3. d4 Bg4 4. Nf3 Qxd5 5. Be2 Nc6 6. O-O O-O-O 7. Be3
Qf5 8. Nbd2 Bxf3 9. Nxf3 e5 10. c3 g5 11. Bb5 Bd6 12. Bxc6 bxc6 13. dxe5
Bxe5 14. Qa4 Rd6 15. Rfe1 Re8 16. Rad1 Nd5 17. Bc5 Rde6 18. Qa6+ Kd7 19. c4
Bxh2+ 20. Kxh2 Rxe1 21. Nxe1 Qe5+ 22. Kg1 Qe2 23. Qa4 Re5 24. cxd5 1-0

[Event "Olimpiade 2024 - Donne"]
[Site "Budapest"]
[Date "22.09.2024"]
[Round "11.38"]
[White "Bargan, Victoria"]
[Black "Sezdbekova, Aizhan"]
[Result "1-0"]
[WhiteElo "1941"]
[BlackElo "1799"]
[ECO "D35"]
[Opening "QGD"]
[Variation "exchange, positional line"]
[TimeControl "40/5400+30:1800"]
[EventDate "2024.09.11"]
[Board "3"]
[WhiteFideId "13908197"]
[BlackFideId "13803590"]
[WhiteTeam "Moldova"]
[BlackTeam "Kyrgyzstan"]

1. d4 Nf6 2. c4 e6 3. Nc3 d5 4. cxd5 exd5 5. Bg5 Be7 6. e3 Bf5 7. Bxf6 Bxf6
8. Qb3 b6 9. Qxd5 Qxd5 10. Nxd5 Bd8 11. Nf3 Be4 12. Nc3 Bxf3 13. gxf3 O-O
14. Bg2 Nd7 15. O-O Nf6 16. f4 Rc8 17. Nb5 a6 18. Na7 Rb8 19. Nc6 Rc8 20.
Rac1 a5 21. Bh3 Ra8 22. Nxd8 Rfxd8 23. Rxc7 Nd5 24. Rcc1 Rab8 25. a3 g6 26.
f5 g5 27. Rfd1 Rd6 28. Rd2 Rbd8 29. Rcd1 Kg7 30. Bg2 Ne7 31. e4 Nc6 32. d5
Ne5 33. Rc2 Kf6 34. f3 h6 35. h4 Rg8 36. hxg5+ hxg5 37. Kf2 Rh8 38. Kg3 Ke7
39. Rc7+ Kf6 40. Rc3 Ke7 41. Rh1 Rxh1 42. Bxh1 Kd8 43. f4 gxf4+ 44. Kxf4 f6
45. Bf3 Rd7 46. Ke3 Rh7 47. Bd1 Rh3+ 48. Kd4 Rh2 49. Rc2 Rxc2 50. Bxc2 Kd7
51. Bd1 Kd6 52. Be2 Kc7 53. Ke3 Kd6 54. b4 axb4 55. axb4 Nf7 56. Kf4 Ne5
57. Ke3 Nd7 58. Kd4 Ne5 59. Kc3 Nf7 60. Kc4 Ke5 61. Kb5 Kxe4 62. Kxb6 Kxd5
63. Bb5 Ne5 64. Ba6 Nf7 65. Bc8 Kd6 66. b5 Nd8 67. Ka7 Kc7 68. Be6 Kd6 69.
b6 Kc6 70. Bc8 Kd6 71. b7 Nc6+ 72. Kb6 Nb8 73. Be6 1-0

[Event "Olimpiade 2024 - Donne"]
[Site "Budapest"]
[Date "22.09.2024"]
[Round "11.38"]
[White "Abaeva, Aiana"]
[Black "Petricenco, Ana"]
[Result "1-0"]
[WhiteElo "1858"]
[BlackElo "1895"]
[ECO "B50"]
[Opening "Sicilian"]
[TimeControl "40/5400+30:1800"]
[EventDate "2024.09.11"]
[Board "4"]
[WhiteFideId "13804472"]
[BlackFideId "13908596"]
[WhiteTeam "Kyrgyzstan"]
[BlackTeam "Moldova"]

1. e4 c5 2. Nf3 d6 3. d3 Nf6 4. g3 e6 5. Bg2 Be7 6. O-O O-O 7. Nbd2 Nc6 8.
c3 Qc7 9. Re1 b6 10. d4 cxd4 11. Nxd4 Nxd4 12. cxd4 Bb7 13. Nf1 Rac8 14.
Bd2 Qd7 15. f3 Rc7 16. Ne3 Rfc8 17. Bc3 Qe8 18. d5 exd5 19. exd5 Qd7 20. f4
Ne8 21. Be4 g6 22. Ng4 Rxc3 23. bxc3 Nf6 24. Nxf6+ Bxf6 25. Rc1 Bxc3 26.
Re3 Bb4 27. Rxc8+ Qxc8 28. Kg2 Bc5 29. Re2 Ba6 30. Bd3 Bb7 31. Be4 Ba6 32.
Rc2 Qe8 33. Qf3 Qb5 34. f5 Qd7 35. g4 Qb5 36. h4 Qb4 37. h5 g5 38. f6 Qe1
39. Bd3 Qg1+ 40. Kh3 Bxd3 41. Qxd3 Qh1+ 42. Rh2 Qe1 43. Qf3 Qh4+ 44. Kg2
Qe1 45. Rh1 Qe5 46. Kh3 h6 47. Rh2 Bd4 48. Rc2 Qxf6 49. Qxf6 Bxf6 50. Rc7
Bd4 51. Rxa7 Kg7 52. Rd7 Bc5 53. Kg3 Kf6 54. a4 Bb4 55. Kf3 Ba3 56. Ke4 Bb4
57. Kd4 Ba3 58. Kc4 Bc5 59. Kb5 Ke5 60. Rxf7 Kxd5 61. Rf6 Ke4 62. Rxh6 d5
63. a5 1-0

[Event "Olimpiade 2024 - Donne"]
[Site "Budapest"]
[Date "22.09.2024"]
[Round "11.39"]
[White "Pipiras, Filipa Fortuna"]
[Black "Fuad Kamel Jamaliah, Natalie"]
[Result "1-0"]
[WhiteElo "2187"]
[BlackElo "2003"]
[ECO "D30"]
[Opening "Queen's gambit declined"]
[TimeControl "40/5400+30:1800"]
[EventDate "2024.09.11"]
[Board "1"]
[WhiteFideId "1944894"]
[BlackFideId "724190"]
[WhiteTeam "Portugal"]
[BlackTeam "Jordan"]

1. d4 d5 2. c4 e6 3. Nf3 Nf6 4. g3 c6 5. Bg2 Bb4+ 6. Bd2 Bd6 7. Qc2 Nbd7 8.
O-O Ne4 9. Rd1 h6 10. Nc3 Ndf6 11. Ne5 Nxd2 12. Rxd2 Bxe5 13. dxe5 Nd7 14.
cxd5 cxd5 15. e4 dxe4 16. Nxe4 O-O 17. Nc5 Qe7 18. Nxd7 Bxd7 19. Qc7 Rfd8
20. Rad1 Rac8 21. Qxb7 Rb8 22. Qxa7 1-0

[Event "Olimpiade 2024 - Donne"]
[Site "Budapest"]
[Date "22.09.2024"]
[Round "11.39"]
[White "Jeda, Helal"]
[Black "Silva, Mariana"]
[Result "0-1"]
[WhiteElo "1569"]
[BlackElo "2005"]
[ECO "B32"]
[Opening "Sicilian"]
[Variation "Labourdonnais-Loewenthal variation"]
[TimeControl "40/5400+30:1800"]
[EventDate "2024.09.11"]
[Board "2"]
[WhiteFideId "8112398"]
[BlackFideId "1911899"]
[WhiteTeam "Jordan"]
[BlackTeam "Portugal"]

1. e4 c5 2. Nf3 Nc6 3. d4 cxd4 4. Nxd4 e5 5. Nb3 Nf6 6. Nc3 Bb4 7. Bd3
Bxc3+ 8. bxc3 d6 9. O-O O-O 10. Bg5 h6 11. Bh4 Be6 12. Qf3 g5 13. Bg3 Kg7
14. h4 Rc8 15. Qe2 Bg4 16. f3 Nh5 17. Qe1 Be6 18. Rd1 Nf4 19. Bxf4 gxf4 20.
g4 fxg3 21. Qxg3+ Kh8 22. Kh2 Rg8 23. Qf2 Qf6 24. Rg1 Ne7 25. h5 Rg5 26.
Rg2 Rxh5+ 27. Kg1 Ng6 28. Nd2 Nf4 29. Rh2 Nh3+ 30. Rxh3 Bxh3 31. Nf1 Rg8+
32. Ng3 Qf4 33. Kh1 Rxg3 34. Rd2 Bg2+ 35. Kg1 Rh1# 0-1

[Event "Olimpiade 2024 - Donne"]
[Site "Budapest"]
[Date "22.09.2024"]
[Round "11.39"]
[White "Duque, Raquel Dos Santos"]
[Black "Boshra, Alshaeby"]
[Result "0-1"]
[WhiteElo "1913"]
[BlackElo "1939"]
[ECO "A46"]
[Opening "Queen's pawn game"]
[TimeControl "40/5400+30:1800"]
[EventDate "2024.09.11"]
[Board "3"]
[WhiteFideId "1945890"]
[BlackFideId "8102937"]
[WhiteTeam "Portugal"]
[BlackTeam "Jordan"]

1. d4 Nf6 2. Nf3 e6 3. g3 b5 4. Bg2 Bb7 5. O-O c5 6. a4 b4 7. Bg5 cxd4 8.
Bxf6 Qxf6 9. Qxd4 Nc6 10. Qxf6 gxf6 11. Nbd2 Na5 12. Rfd1 Rc8 13. Nd4 Ba6
0-1

[Event "Olimpiade 2024 - Donne"]
[Site "Budapest"]
[Date "22.09.2024"]
[Round "11.39"]
[White "Ruba, Al-Qudah"]
[Black "Avelino, Camila Biscaya"]
[Result "1-0"]
[WhiteElo "1937"]
[BlackElo "1843"]
[ECO "A05"]
[Opening "Reti"]
[Variation "King's Indian attack"]
[TimeControl "40/5400+30:1800"]
[EventDate "2024.09.11"]
[Board "4"]
[WhiteFideId "8114595"]
[BlackFideId "1938975"]
[WhiteTeam "Jordan"]
[BlackTeam "Portugal"]

1. Nf3 Nf6 2. g3 g6 3. Bg2 Bg7 4. O-O O-O 5. d4 d6 6. Nc3 Nbd7 7. e4 e5 8.
dxe5 dxe5 9. h3 c6 10. Be3 Qe7 11. Qe2 Qb4 12. Bc1 Re8 13. a3 Qa5 14. b4
Qc7 15. Bb2 Nb6 16. Rfd1 Be6 17. Nd2 Rad8 18. a4 Rd4 19. a5 Nc4 20. Nxc4
Bxc4 21. Qe1 Bf8 22. Rxd4 exd4 23. Na4 Qe7 24. Bxd4 Nxe4 25. Nb2 Ba6 26.
Nd3 Bg7 27. Bxg7 Kxg7 28. Kh2 Qf6 29. Bxe4 Rxe4 30. Qxe4 Bxd3 31. Qe1 Bxc2
32. Rc1 Ba4 33. Qe3 Qb2 34. Rc4 Bb3 35. Rh4 h5 36. Qxa7 1-0

[Event "Olimpiade 2024 - Donne"]
[Site "Budapest"]
[Date "22.09.2024"]
[Round "11.40"]
[White "Marape, Naledi"]
[Black "Shuqja, Klean"]
[Result "0-1"]
[WhiteElo "1926"]
[BlackElo "2042"]
[ECO "B13"]
[Opening "Caro-Kann"]
[Variation "exchange variation"]
[TimeControl "40/5400+30:1800"]
[EventDate "2024.09.11"]
[Board "1"]
[WhiteFideId "11310880"]
[BlackFideId "4701585"]
[WhiteTeam "Botswana"]
[BlackTeam "Albania"]

1. e4 c6 2. d4 d5 3. exd5 cxd5 4. Bd3 Nc6 5. c3 Qc7 6. Qb3 Nf6 7. Bg5 e6 8.
Nd2 Be7 9. Ngf3 O-O 10. O-O a6 11. Rae1 b5 12. Qd1 Ne8 13. Bxe7 Qxe7 14.
Ne5 Nxe5 15. dxe5 g6 16. Re3 b4 17. Rh3 bxc3 18. bxc3 a5 19. Qe2 Nc7 20.
Qe3 Ba6 21. Bxa6 Rxa6 22. Nf3 f5 23. exf6 Qxf6 24. Ng5 h5 25. f4 Rc6 26.
Qd3 Qf5 27. Qe2 Rc4 28. Rhf3 Nb5 29. Qe1 Re8 30. g3 Nd6 31. Re3 Ne4 32. Nf3
Rec8 33. Nd4 Qf7 34. Nf3 Qf6 35. Nd2 Nxd2 36. Qxd2 Rxc3 37. Rxc3 Qxc3 38.
Qe2 Qd4+ 39. Kh1 Kf7 40. Re1 Rc6 41. Qb5 Qb6 42. Qe2 Qa6 43. Qf3 Qc4 44. g4
Qc3 45. Qe2 hxg4 46. Rf1 Qc4 47. Qf2 Qe4+ 48. Kg1 Rc2 49. Qg3 Qd4+ 50. Kh1
Qc4 51. Re1 Rc1 52. Rg1 Qe4+ 53. Qg2 Qxg2+ 54. Kxg2 Rxg1+ 0-1